 Dungeon Crawl Stone Soup version 0.31-a0-222-gefeffbb62a (webtiles) character file.

Game seed: 1500209907690300902

75 qw the Shooter (level 4, 0/36 HPs)
             Began as a Minotaur Hexslinger on July 4, 2023.
             Was an Initiate of Okawaru.
             Slain by Sigmund
             ... wielding a +0 scythe
              (1 damage)
             ... on level 3 of the Dungeon on July 5, 2023.
             The game lasted 00:00:33 (2063 turns).

qw the Shooter (Minotaur Hexslinger)                Turns: 2063, Time: 00:00:34

Health: 0/36       AC:  4    Str: 13    XL:     4   Next: 11%
Magic:  4/4        EV: 12    Int: 10    God:    Okawaru [......]
Gold:   96         SH:  0    Dex: 14    Spells: 4/5 levels left

rFire   . . .        j - +2 sling (heavy)
rCold   . . .        (no shield)
rNeg    . . .        h - +0 leather armour
rPois   .            (helmet restricted)
rElec   .            (no cloak)
rCorr   .            i - +0 pair of gloves
SInv    .            (no boots)
Will    .....        (no amulet)
Stlth   +            (no ring)
HPRegen 0.26/turn    (no ring)
MPRegen 0.09/turn

%: no passive effects
@: no status effects
A: horns 2, retaliatory headbutt
a: Renounce Religion


You were on level 3 of the Dungeon.
You worshipped Okawaru.
Okawaru was noncommittal.
You visited 1 branch of the dungeon, and saw 3 of its levels.

You collected 96 gold pieces.


Innate Abilities, Weirdness & Mutations

You have a pair of horns on your head.
You reflexively headbutt those who attack you in melee.


   Skills:
 - Level 2.0 Fighting
 + Level 4.6 Ranged Weapons
 - Level 2.1 Dodging
 - Level 1.0 Spellcasting
 - Level 2.0 Hexes


You had 4 spell levels left.
You knew the following spells:

 Your Spells              Type           Power      Damage    Failure   Level
a - Slow                  Hex            16%        N/A       19%         1

Your spell library contained the following spells:

 Spells                   Type           Power      Damage    Failure   Level
 Inner Flame              Hex/Fire       2%         N/A       65%         3
 Portal Projectile        Hex/Tloc       4%         N/A       65%         3
 Cause Fear               Hex            2%         N/A       88%         4

Inventory:

Hand Weapons
 j - a +2 heavy sling (weapon)
Armour
 h - a +0 leather armour (worn)
 i - a +0 pair of gloves (worn)
Scrolls
 a - a scroll of identify
 b - 2 scrolls of blinking {unknown}
 f - a scroll of teleportation
Potions
 c - 2 potions of heal wounds
 d - 3 potions of berserk rage {unknown}
 e - a potion of haste

Dungeon Overview and Level Annotations

Branches:
Dungeon (3/15)

Altars:
Ashenzari
Cheibriados
Dithmenos
Fedhas
Gozag
Nemelex Xobeh
Okawaru
Sif Muna
Uskayaw
Vehumet
Wu Jian
Yredelemnul

Annotations:
D:3 Sigmund


Message History

There is an open door here.
Sigmund the Dreaded comes into view.
He is wielding a +0 scythe.
Sigmund shouts!
Sigmund mumbles some strange words.
Sigmund flickers and vanishes!
Deactivating autopickup; reactivate with Ctrl-A.
A rat comes into view.
Enter note:
Enter note:
Enter note:
Enter note:
Enter note:
Enter note:
Enter note:
Enter note:
Enter note: You shoot a sling bullet.
The sling bullet hits the rat.
The rat is severely wounded.
Something tries to affect you, but you resist.
You shoot a sling bullet. The sling bullet barely misses the rat.
You shoot a sling bullet. The sling bullet hits the rat!
You kill the rat!
Okawaru accepts your kill.
You shoot a sling bullet.
You hear some strange, mumbled words.
Something tries to affect you, but you resist.
You shoot a sling bullet. Something hits you!
You shoot a sling bullet. Something hits you!
You shoot a sling bullet. Something hits you but does no damage.
You hear some strange, mumbled words.
A puff of flame appears from out of thin air!
The puff of flame hits you!
You shoot a sling bullet. Something hits you.
You shoot a sling bullet. Something hits you.
You die...

......................'.........'
##....####.#:#.#...####.........#
##.#.# #........## ##.......##
###.# #####.#### ##.....## #.#
#.# ##...## #.# #.# ##+## #.#
##.## #####.# #...########
......# #...@.{..... #######
#...######.# #####


There were no monsters in sight!

Vanquished Creatures
  3 adders
  A worm (D:2)
  3 dart slugs
  4 endoplasms
  3 giant cockroaches
  6 goblins
  2 hobgoblins
  4 kobolds
  4 ball pythons
  4 bats (D:1)
  A frilled lizard (D:3)
  5 rats
40 creatures vanquished.

Notes
Turn   | Place    | Note
-------+----------+-------------------------------------------
     0 | D:1      | qw the Minotaur Hexslinger began the quest for the Orb.
     0 | D:1      | Reached XP level 1. HP: 16/16 MP: 1/1
     0 | D:1      | 0 ||| qw: Version: 0.3-a-46-gb1f654a
     0 | D:1      | 0 ||| qw: Game counter: 980
     0 | D:1      | 0 ||| qw: Melee chars always use a shield: true
     0 | D:1      | 0 ||| qw: God list: Okawaru
     0 | D:1      | 0 ||| qw: Allow faded altars: false
     0 | D:1      | 0 ||| qw: Do Orc after clearing Dungeon:15 true
     0 | D:1      | 0 ||| qw: Do second Lair branch before Depths: true
     0 | D:1      | 0 ||| qw: Lair rune preference: random
     0 | D:1      | 0 ||| qw: Goals: Normal
     0 | D:1      | 0 ||| PLANNING D:1-11
   118 | D:1      | Reached skill level 3 in Ranged Weapons
   118 | D:1      | Reached XP level 2. HP: 23/23 MP: 2/2
   136 | D:1      | Found a faded altar of an unknown god.
   534 | D:1      | 534 ||| UPGRADING to +0 leather armour.
   544 | D:1      | 544 ||| DROPPING +0 robe.
   545 | D:1      | 545 ||| UPGRADING to +0 pair of gloves.
   550 | D:1      | 550 ||| READING scroll labelled CEKHLU GEPUIREWK.
   555 | D:1      | 555 ||| READING scroll labelled DAOGIY DIXOENT.
   556 | D:1      | 556 ||| READING 2 scrolls labelled ZEIRUISAURPH.
   557 | D:1      | 557 ||| DRINKING 2 smoky cyan potions.
   587 | D:1      | 587 ||| DROPPING scroll of poison.
   588 | D:1      | 588 ||| DROPPING potion of lignification.
   618 | D:2      | Reached XP level 3. HP: 27/29 MP: 3/3
   672 | D:2      | Found an ornate altar of the Wu Jian Council.
   867 | D:2      | Reached skill level 4 in Ranged Weapons
  1476 | D:2      | 1476 ||| READING scroll labelled LIPOAN BUSTRYNE.
  1477 | D:2      | 1477 ||| DRINKING 2 puce potions.
  1478 | D:2      | 1478 ||| READING 3 scrolls of identify.
  1478 | D:2      | 1478 ||| IDENTIFYING inky potion
  1479 | D:2      | 1479 ||| READING 2 scrolls of identify.
  1479 | D:2      | 1479 ||| IDENTIFYING clear potion
  1480 | D:2      | 1480 ||| DROPPING potion of brilliance.
  1656 | D:3      | 1656 ||| READING scroll of enchant weapon.
  1656 | D:3      | 1656 ||| ENCHANTING +1 heavy sling.
  1689 | D:3      | Found a shimmering blue altar of Sif Muna.
  1691 | D:3      | Found a hide-covered altar of Uskayaw.
  1692 | D:3      | Found a snail-covered altar of Cheibriados.
  1698 | D:3      | Found an opulent altar of Gozag.
  1700 | D:3      | Found a radiant altar of Vehumet.
  1702 | D:3      | Found a broken altar of Ashenzari.
  1702 | D:3      | Found a blossoming altar of Fedhas.
  1703 | D:3      | Found a sparkling altar of Nemelex Xobeh.
  1705 | D:3      | Found a basalt altar of Yredelemnul.
  1710 | D:3      | Found an iron altar of Okawaru.
  1711 | D:3      | 1711 ||| PLANNING OKAWARU WORSHIP
  1711 | D:3      | 1711 ||| READING 2 scrolls of identify.
  1711 | D:3      | 1711 ||| IDENTIFYING coppery potion
  1712 | D:3      | 1712 ||| DROPPING potion of attraction.
  1713 | D:3      | Found a shadowy altar of Dithmenos.
  1718 | D:3      | Became a worshipper of Warmaster Okawaru
  1719 | D:3      | 1719 ||| PLANNING D:1-11
  1758 | D:3      | Reached XP level 4. HP: 36/36 MP: 4/4
  2054 | D:3      | Noticed Sigmund
  2061 | D:3      | HP: 5/36 [something/puff of flame (12)]
  2062 | D:3      | HP: 1/36 [something (5)]
  2063 | D:3      | Slain by Sigmund

Levels and vault maps discovered:
D:1:      dpeg_arrival_pits, layout_basic, ebering_ecumenical_altar_webs
D:2:      layout_basic, basic_altar
D:3:      layout_loops_corners, nicolae_overflow_hallway_of_the_gods,
          uniq_sigmund

Skill      XL: |  1  2  3 |
---------------+----------+-----
Ranged Weapons | 3 4 |  4.6
Fighting       | 2 |  2.0
Dodging        | |  2.1
Spellcasting   | |  1.0
Hexes          | |  2.0

Action                     |  1- 3 |  4- 6 || total
---------------------------+-------+-------++-------
   Fire: Sling             |    67 |    18 ||    85
    Use: Scroll            |     8 |       ||     8
         Potion            |     2 |       ||     2
 Armour: Leather armour    |     1 |     1 ||     2
         Robe              |     1 |       ||     1
  Dodge: Dodged            |     8 |     2 ||    10

Table legend:
 A = Non-vault XP
 B = Vault XP
 C = Vault XP percentage of total XP
 D = Non-vault monster count
 E = Vault monster count
 F = Vault count percentage of total count
                 A         B        C        D         E       F
            +---------+---------+-------+---------+---------+-------
      Total |     108 |       0 |   0.0 |      40 |       0 |   0.0
            +---------+---------+-------+---------+---------+-------
        D:1 |      27 |       0 |   0.0 |      16 |       0 |   0.0
        D:2 |      49 |       0 |   0.0 |      12 |       0 |   0.0
        D:3 |      32 |       0 |   0.0 |      12 |       0 |   0.0
            +---------+---------+-------+---------+---------+-------
